 Dungeon Crawl Stone Soup version 0.17.1-3-g152610e (webtiles) character file.

71 Heliophagus the Digger (level 4, -2/24 HPs)
             Began as a Gargoyle Earth Elementalist on Mar 23, 2016.
             Slain by mmk665's ghost (6 damage)
             ... on level 3 of the Dungeon.
             The game lasted 00:57:07 (2156 turns).

Heliophagus the Digger (GrEE)                       Turns: 2156, Time: 00:57:07

Health: -2/24      AC:  7    Str: 10 (11) XL:     4   Next: 24%
Magic:  2/7        EV: 11    Int: 17      God:
Gold:   79         SH:  0    Dex: 10      Spells: 2 memorised, 4 levels left

rFire  . . .     SeeInvis .     j - +4 whip
rCold  . . .     Clarity  .     e - +1 leather armour
rNeg   + . .     SustAt   .     (no shield)
rPois  ∞         Gourm    .     (no helmet)
rElec  +         Spirit   .     (no cloak)
rCorr  .         Warding  .     (no gloves)
rMut   .         Stasis   .     (no boots)
MR     .....                    (no amulet)
Stlth  ++........               (no ring)
                                (no ring)

@: not resistant to hostile enchantments, unstealthy
A: negative energy resistance 1, electricity resistance, unbreathing,
petrification resistance, rot immunity, AC +3
a: no special abilities


You were on level 3 of the Dungeon.
You were not hungry.

You visited 1 branch of the dungeon, and saw 3 of its levels.

You collected 79 gold pieces.

Inventory:

Hand Weapons
 j - a +4 whip (weapon)
Missiles
 b - 96 stones (quivered)
Armour
 e - a +1 leather armour (worn)
Scrolls
 h - a scroll of enchant armour
 k - a scroll of remove curse
 l - a scroll of teleportation
Potions
 i - a potion of poison {unknown}
Books
 c - a book of Geomancy

   Spells                             Type                      Level
   a - Sandblast                      Earth                        1
   b - Stoneskin                      Transmutation/Earth          2
   c - Passwall                       Transmutation/Earth          3
   d - Stone Arrow                    Conjuration/Earth            3
   e - Petrify                        Transmutation/Earth          4
   f - Lee's Rapid Deconstruction     Earth                        5
Comestibles
 a - a meat ration
 g - 4 fruits


   Skills:
 + Level 2.3 Dodging
 + Level 3.0 Stealth
 + Level 2.3 Spellcasting
 + Level 1.2 Transmutations
 + Level 4.2 Earth Magic


You had 4 spell levels left.
You knew the following spells:

 Your Spells              Type           Power        Failure   Level  Hunger
a - Sandblast             Erth           ###...       6%          1    #......
b - Stoneskin             Trmt/Erth      ##......     14%         2    ##.....


Dungeon Overview and Level Annotations

Branches:
Dungeon (3/15)

Altars:
Kikubaaqudgha

Annotations:
D:3 mmk665's ghost, amateur MiBe


Innate Abilities, Weirdness & Mutations

You are resistant to torment.
Your stone body is resilient (AC +3).
You are immune to poison.
You resist negative energy.
You are resistant to electric shocks.
You can survive without breathing.
You are immune to petrification.
You are immune to rotting.


Message History

Aim: mmk665's ghost (severely damaged)
The blast of sand misses mmk665's ghost.
Mmk665's ghost yells, "Who would have thought, even in death it is a pleasure to sever!"
Mmk665's ghost hits you but does no damage.
Casting: Sandblast
Confirm with . or Enter, or press ? or * to list all spells.
Aiming: Sandblast
Press: ? - help, Shift-Dir - straight line, f/p - mmk665's ghost
Aim: mmk665's ghost (severely damaged)
The blast of sand hits mmk665's ghost.
Mmk665's ghost is severely damaged.
Mmk665's ghost hits you.
* * * LOW HITPOINT WARNING * * *
You are near starving!
Mmk665's ghost screams in joy, "As in life, so in death: Kill!
Kill!!
Kill!!!"
Mmk665's ghost hits you.
* * * LOW HITPOINT WARNING * * *
You continue eating.
Mmk665's ghost hits you.
You die...

##...## ##.## #.#
#.# ####.####
#.......#
#.##.##.#
#.##.##W#
######.##.##@#
#......##.##.#
#.####.##.##.#
#####.####.......#
.....<..##.##.####
#####.#.......#
#......####
########


You could see mmk665's ghost.

Vanquished Creatures
  3 adders (D:2)
  2 giant geckos (D:1)
  6 bats
  5 giant cockroaches
  A goblin (D:2)
  3 hobgoblins
  6 jackals (D:2)
  3 kobolds
  A ball python (D:2)
  2 giant newts (D:1)
  7 rats
  2 rat zombies (D:2)
41 creatures vanquished.

Notes
Turn   | Place    | Note
--------------------------------------------------------------
     0 | D:1      | Heliophagus the Gargoyle Earth Elementalist began the quest for the Orb.
     0 | D:1      | Reached XP level 1. HP: 10/10 MP: 3/3
   546 | D:1      | Reached XP level 2. HP: 13/15 MP: 5/5
   724 | D:1      | Learned a level 2 spell: Stoneskin
   927 | D:2      | Reached skill level 4 in Earth Magic
   927 | D:2      | Reached XP level 3. HP: 13/19 MP: 2/6
  1304 | D:2      | Reached skill level 1 in Transmutations
  1346 | D:2      | Found an ancient bone altar of Kikubaaqudgha.
  1464 | D:2      | Reached XP level 4. HP: 24/24 MP: 7/7
  2066 | D:3      | Noticed mmk665's ghost (amateur MiBe)
  2156 | D:3      | Slain by mmk665's ghost

Action                   |  1- 3 |  4- 6 || total
-------------------------+-------+-------++-------
Melee: Unarmed           |    26 |       ||    26
       Whip              |    23 |    40 ||    63
       Mace              |    73 |       ||    73
 Cast: Sandblast         |     7 |    12 ||    19
       Stoneskin         |     2 |     1 ||     3
  Use: Potion            |     3 |     3 ||     6
       Scroll            |     2 |     1 ||     3
 Stab: Sleeping          |     3 |       ||     3
  Eat: Chunk             |     2 |     1 ||     3
       Bread ration      |       |     1 ||     1
